 Dungeon Crawl Stone Soup version 0.20.0-10-g0535bb4 (webtiles) character file.

17 Manul the Skirmisher (level 2, -5/21 HPs)
             Began as an Octopode Abyssal Knight on June 5, 2017.
             Was a Follower of Lugonu.
             Killed from afar by a dart slug (7 damage)
             ... with a slug dart
             ... on level 1 of the Dungeon.
             The game lasted 00:00:26 (250 turns).

Manul the Skirmisher (Octopode Abyssal Knight)       Turns: 250, Time: 00:00:27

Health: -5/21      AC:  1    Str: 11    XL:     2   Next: 62%
Magic:  3/3        EV: 13    Int: 14    God:    Lugonu [*.....]
Gold:   46         SH:  0    Dex: 11    Spells: 1/1 levels left

rFire    . . .     SeeInvis .   a - +1 short sword
rCold    . . .     Gourm    .   (no shield)
rNeg     . . .     Faith    .   (helmet restricted)
rPois    .         Spirit   .   (no amulet)
rElec    .         Reflect  .   d - ring of protection from magic
rCorr    .         Harm     .   (no ring)
MR       +....                  (no ring)
Stlth    ++........             (no ring)
Regen    0.1/turn               (no ring)
MPRegen  0.1/turn               (no ring)
                                (no ring)
                                (no ring)

@: no status effects
A: almost no armour, stealthy swim, amphibious, 8 rings, constrict 8, camouflage
1, gelatinous body 1
a: Depart the Abyss, Renounce Religion


You were on level 1 of the Dungeon.
You worshipped Lugonu.
Lugonu was aware of your devotion.
You were not hungry.

You visited 1 branch of the dungeon, and saw 1 of its levels.
You visited the Abyss 1 time.

You collected 46 gold pieces.

Inventory:

Hand Weapons
 a - a +1 short sword (weapon)
Jewellery
 d - a ring of protection from magic (left tentacle)
Scrolls
 e - a scroll of recharging {unknown}
 h - a scroll of magic mapping {unknown}
 i - a scroll of enchant armour {unknown}
Potions
 c - a potion of heal wounds {unknown}
Comestibles
 b - a bread ration
 f - 2 meat rations
 g - 9 chunks of flesh


   Skills:
 + Level 3.3 Fighting
 + Level 2.5 Short Blades
 + Level 2.5 Dodging
 + Level 2.0 Invocations


You had one spell level left.
You didn't know any spells.

Dungeon Overview and Level Annotations

Branches:
Dungeon (1/15)

Altars:


Innate Abilities, Weirdness & Mutations

You cannot wear most types of armour.
You are very stealthy in the water. (Stealth+)
You are amphibious.
You can wear up to eight rings at the same time.
You can use your tentacles to constrict eight enemies at once.
Your skin changes colour to match your surroundings (Stealth+).
Your rubbery body absorbs attacks. (AC +1, EV +1)


Message History

You hit the hobgoblin. Your grab misses the hobgoblin.
The hobgoblin is severely wounded.
The hobgoblin hits you.
* * * LOW HITPOINT WARNING * * *
You barely miss the hobgoblin. Your grab misses the hobgoblin.
Your squeeze misses the hobgoblin.
The hobgoblin is severely wounded.
The hobgoblin barely misses you.
You barely miss the hobgoblin. Your grab misses the hobgoblin.
The hobgoblin is severely wounded.
The hobgoblin closely misses you.
You closely miss the hobgoblin. You grab the hobgoblin.
You squeeze the hobgoblin, but do no damage.
The hobgoblin is severely wounded.
You constrict the hobgoblin.
You kill the hobgoblin!
Lugonu accepts your kill. The dart slug launches a dart at you.
The slug dart hits you!
You die...

.............
..#...........w..#
..#..............#
.................#
.................#
................ ..
......w†....... ..
#......@..#.##########
.
#......).............#
#####
#?#######............#
..... #............#
...... #............#
.....# #............#
#...#. #............#
.#.#.. .
............>.# ..#...
#.......##............#


You could see 2 dart slugs.

Vanquished Creatures
  A dart slug (D:1)
  3 bats (D:1)
  2 goblins (D:1)
  A hobgoblin (D:1)
  2 jackals (D:1)
  2 kobolds (D:1)
  3 rats (D:1)
14 creatures vanquished.

Notes
Turn   | Place    | Note
-------+----------+-------------------------------------------
     0 | Abyss:1  | Manul the Octopode Abyssal Knight began the quest for the Orb.
     0 | Abyss:1  | Reached XP level 1. HP: 16/16 MP: 2/2
    38 | Abyss:1  | Noticed a tentacled starspawn
    47 | D:1      | Escaped the Abyss
   143 | D:1      | Reached XP level 2. HP: 21/21 MP: 3/3
   228 | D:1      | Reached * piety under Lugonu
   250 | D:1      | Killed from afar by a dart slug

Action                   || total
-------------------------++-------
Melee: Short sword       ||    29
       Constrict         ||     9
       Tentacles         ||     6
Invok: Depart the Abyss  ||     1
Armor: Skin              ||     3
Dodge: Dodged            ||    21
